AoeStats
← wu

Arabia

506547766Analyzed
2v2 RM · 19d ago on Sep 14, 2026· 55m 22s· 4 players
Game mode
Random Map
Map size
Medium (4 player)
Population
200
Speed
Normal
Resources
Standard
Victory
Conquest
Starting age
Dark Age
Ending age
Imperial Age
RankedLock teamsTeams togetherTeam positionsShared explorationLock speedFull tech treeHidden civsTurbo modeCheats
Victory
Defeat
🇹🇼 Gurjaras · Taiwan
677
+21
🇹🇼 Malay · Taiwan
640
+17
🇺🇸 Ethiopians · United States
640
-15
🇺🇸 Bohemians · United States
622
-14
wyantdayne
0:26 Loom
10:59 Feudal Age
18:44 Castle Age
17:44 Fletching
18:46 Crossbowman
21:11 Ballistics
20:54 Bodkin Arrow
20:49 Double-Bit Axe
21:14 Squires
24:11 Elite Skirmisher
26:45 Gold Mining
27:29 Padded Archer Armor
31:20 Arson
31:54 Leather Archer Armor
38:40 Imperial Age
40:32 Stone Mining
40:45 Bracer
41:17 Ring Archer Armor
41:45 Arbalester
45:42 Forging
45:33 Scale Mail Armor
45:59 Bow Saw
48:07 Iron Casting
48:28 Conscription
49:53 Blast Furnace
49:29 Horse Collar
O6TheGOAT
1:08 Loom
12:58 Feudal Age
13:33 Double-Bit Axe
13:40 Horse Collar
27:45 Castle Age
26:13 Fletching
27:52 Padded Archer Armor
28:43 Wheelbarrow
28:11 Elite Skirmisher
28:13 Crossbowman
33:55 Town Watch
38:04 Treadmill Crane
40:01 Hand Cart
40:58 Heavy Plow
44:29 Imperial Age
42:00 Murder Holes
42:33 Bow Saw
43:03 Bodkin Arrow
44:17 Leather Archer Armor
46:55 Chemistry
47:18 Bracer
47:56 Ballistics
47:50 Masonry
48:12 Fortified Wall
49:43 Arbalester
50:10 Pikeman
50:51 Squires
52:10 Conscription
52:37 Ring Archer Armor
52:10 Scale Mail Armor
52:21 Forging
54:06 Architecture
53:43 Siege Engineers
54:09 Architecture
wu
9:03 Feudal Age
9:36 Double-Bit Axe
9:37 Horse Collar
15:52 Gold Mining
17:42 Bloodlines
22:54 Castle Age
22:58 Scale Barding Armor
23:07 Forging
22:59 Scale Mail Armor
24:38 Gold Shaft Mining
24:07 Heavy Plow
29:26 Husbandry
30:53 Bow Saw
35:07 Imperial Age
35:01 Iron Casting
36:41 Conscription
37:11 Kshatriyas
38:20 Crop Rotation
41:54 Stone Mining
41:58 Elite Chakram Thrower
42:31 Heavy Camel Rider
45:30 Stone Shaft Mining
47:20 Frontier Guards
49:18 Chain Barding Armor
49:14 Chain Mail Armor
k1753688509
10:04 Feudal Age
9:41 Double-Bit Axe
9:48 Loom
12:53 Horse Collar
17:30 Fletching
20:29 Castle Age
21:07 Bodkin Arrow
25:45 Squires
25:05 Pikeman
28:52 Thumb Ring
33:39 Wheelbarrow
37:11 Bow Saw
41:57 Elite Skirmisher
42:45 Padded Archer Armor
47:30 Heavy Plow
49:08 Town Watch
49:39 Hand Cart
54:51 Imperial Age
Connection lost

Rejoining the realm…

Still unreachable

The connection could not be restored.

Session expired

The server has moved on; the page needs a fresh start.